 Dungeon Crawl Stone Soup version 0.30-a0-728-gc68057be0a (webtiles) character file.

Game seed: 9833437339655633122

15555 brightshaft the Fighter (level 12, -3/88 HPs)
             Began as a Djinni Necromancer on Jan 30, 2023.
             Was a Priest of Ashenzari.
             Slain by a red very ugly thing (19 damage)
             ... on level 1 of the Abyss on Jan 31, 2023.
             The game lasted 00:39:06 (12062 turns).

brightshaft the Fighter (Djinni Necromancer)       Turns: 12062, Time: 00:39:06

Health: -3/88      AC: 13    Str:  7    XL:     12   Next: 59%
Gold:   920        EV: 15    Int: 29    God:    Ashenzari [***...] SH:  8 Dex: 15

rFire   + . .      SeeInvis +    a - +12 dagger "Icrujoil" {holy, rPois rF- Str-3 Int+8}
rCold   x x x      Faith    .    v - +2 buckler "Omniscient Soothsayer" {Cun, Evo} (curse)
rNeg    . . .      Spirit   .    w - +5 leather armour "Lashed With Me" {Fly Str+3, Evo, Self} (curse)
rPois   ∞          Reflect  .    m - +1 hat of the Cursed Annoyance {Cun, Range} (curse)
rElec   .          Harm     .    k - +0 cloak of the Prescient God {Range, Fort} (curse)
rCorr   +          Rampage  .    (no gloves)
Will    +....      Clarity  +    (boots unavailable)
Stlth   ++                       (no amulet)
HPRegen 0.34/turn                h - ring of the Revealing Repose {rCorr, Evo, Melee} (curse)
MPRegen 0.00/turn                p - +4 ring of protection

@: about to teleport, flying, unable to drink
A: sickness immunity, fire resistance 2, cold vulnerability 1[+2], float, innate
caster, HP casting, extra vitality 1, deformed body, frail 1, (teleportitis 1),
[berserk 2], [deterioration 2], cold vulnerability 1[+2], [inability to drink
after injury 2]
a: Renounce Religion, Curse Item, Shatter the Chains


You were on level 1 of the Abyss.
You worshipped Ashenzari.
Ashenzari was most pleased with you.
You visited 3 branches of the dungeon, and saw 14 of its levels.
You visited the Abyss 1 time.
You also visited: Ossuary.

You collected 920 gold pieces.

Inventory:

Hand Weapons
 a - the +12 dagger "Icrujoil" (weapon) {holy, rPois rF- Str-3 Int+8}
   (You found it on level 11 of the Dungeon)

   Str:       It affects your strength (-3).
   Int:       It affects your intelligence (+8).
   rF:        It makes you vulnerable to fire.
   rPois:     It protects you from poison.
 J - a +1 short sword
Missiles
 d - 4 javelins
 r - 26 poisoned darts
Armour
 k - the cursed +0 cloak of the Prescient God (worn) {Range, Fort}
   (You found it on level 4 of the Dungeon)

   It has a curse which improves the following skills: Ranged Combat: Ranged
   Weapons and Throwing.
   Fortitude: Armour and Shields.
 m - the cursed +1 hat of the Cursed Annoyance (worn) {Cun, Range}
   (You found it on level 4 of the Dungeon)

   It has a curse which improves the following skills: Cunning: Dodging and
   Stealth.
   Ranged Combat: Ranged Weapons and Throwing.
 v - the cursed +2 buckler "Omniscient Soothsayer" (worn) {Cun, Evo}
   (You took it off a gnoll sergeant on level 6 of the Dungeon)

   It has a curse which improves the following skills: Cunning: Dodging and
   Stealth.
   Evocations: Evocations.
 w - the cursed +5 leather armour "Lashed With Me" (worn) {Fly Str+3, Evo, Self}
   (You found it on level 5 of the Dungeon)

   Str:       It affects your strength (+3).
   Fly:       It grants you flight.
   It has a curse which improves the following skills: Evocations: Evocations.
   Introspection: Fighting and Spellcasting.
 G - a +0 kite shield
Jewellery
 h - the cursed ring of the Revealing Repose (left hand) {rCorr, Evo, Melee}
   (You found it on level 1 of the Dungeon)

   [ring of resist corrosion]

   rCorr:     It protects you from acid and corrosion.
   It has a curse which improves the following skills: Evocations: Evocations.
   Melee Combat: Short Blades, Long Blades, Axes, Maces & Flails, Polearms,
   Staves and Unarmed Combat.
 p - a +4 ring of protection (right hand)
Wands
 t - a wand of iceblast (19)
 y - a wand of flame (26) {@v2}
 D - a wand of polymorph (11)
 E - a wand of mindburst (14) {@v3}
 F - a wand of paralysis (12)
 I - a wand of acid (6)
Scrolls
 c - 3 scrolls of fear
 f - 2 scrolls of teleportation {@r4}
 j - 3 scrolls of fog
 n - a scroll of blinking
 u - 11 scrolls of identify {@r1}
 x - 3 scrolls of immolation
 A - a scroll of poison
 B - 2 scrolls of magic mapping
Potions
 b - 2 potions of magic
 e - 4 potions of mutation
 g - 4 potions of curing {@q1}
 l - 2 potions of degeneration
 o - 3 potions of cancellation
 q - 4 potions of invisibility
 s - a potion of lignification
 z - 2 potions of attraction
 H - a potion of haste {@q3}
 K - a potion of ambrosia


   Skills:
 * Level 11.6(13.2) Fighting
 + Level 5.3(6.9) Short Blades
 + Level 3.5(5.0) Armour
 + Level 6.9(9.4) Dodging
 - Level 1.5(3.2) Stealth
 + Level 5.7(7.3) Shields
 * Level 9.6(11.2) Spellcasting


You had 6 spell levels left.
You knew the following spells:

 Your Spells              Type           Power      Damage    Failure   Level
a - Necrotise             Necr           100%       1d9       1%          1
b - Vampiric Draining     Necr           69%        2d10      1%          3
c - Animate Dead          Necr           69%        N/A       1%          4
d - Agony                 Necr           69%        N/A       1%          5
e - Foxfire               Conj/Fire      100%       2x1d9     1%          1
f - Static Discharge      Conj/Air       100%       2-7/arc   1%          2
g - Summon Guardian Gole  Hex/Summ       69%        N/A       1%          3
h - Flame Wave            Conj/Fire      69%        2d16      1%          4
i - Airstrike             Air            34%        2d(5-21)  1%          4
Your spell library was empty.

Dungeon Overview and Level Annotations

Branches:
Dungeon (12/15)            Temple (1/1) D:5             Orc (1/2) D:10
Ossuary (visited)
   Lair: D:8-11

Altars:
Ashenzari
Cheibriados
Dithmenos
Elyvilon
Fedhas
Gozag
Hepliaklqana
Makhleb
Nemelex Xobeh
Okawaru
Ru
Trog
Uskayaw
Wu Jian
Xom
Yredelemnul
Zin
The Shining One

Annotations:
D:11 Erolcha
D:12 Kirke; Valagong's ghost, journeyman MiFi


Innate Abilities, Weirdness & Mutations

You are immune to sickness and miasma.
You are immune to poison.
Your flesh is very heat resistant. (rF++)
[You are extremely vulnerable to cold. (rC---)]
You float through the air rather than walking.
You learn spells naturally, not from books.
Your magical power is your life essence.
You have superior vitality. (+4 MHP)
Armour fits poorly on your strangely shaped body.
You are frail. (-10% HP)
((You are occasionally teleported next to monsters.))
[You have an uncontrollable temper.]
[Your body often deteriorates upon taking damage.]
[You are extremely vulnerable to cold. (rC---)]
[You sometimes lose the ability to drink potions when taking damage.]


Message History

A large abomination comes into view.
Your body is wracked with pain!
The red very ugly thing convulses!
An iron imp comes into view.
A wretched star comes into view.
The wretched star pulses with an eldritch light!
You feel yourself wasting away.
You feel your body start to fall apart.
A starcursed mass comes into view.
A starcursed mass splits.
A starcursed mass splits. x2
A great orb of eyes and a wretched star come into view.
A chorus of shrieks assaults your mind.
An iron imp comes into view.
The iron imp shouts, "Escape, thou mammering two-tin-hat bugbear!"
A chorus of shrieks assaults your mind.
* * * LOW HITPOINT WARNING * * *
A white imp comes into view.
The wretched star glows turbulently.
The lance of force hits you.
* * * LOW HITPOINT WARNING * * *
A chorus of shrieks assaults your mind.
* * * LOW HITPOINT WARNING * * *
The great orb of eyes turns its gaze towards you.
The air fills with toxic fumes!
As you read the scroll of poison, it crumbles to dust.
The wretched star pulses with an eldritch light!
You feel a little pissed off.
You feel extremely angry at everything!
The wretched star pulses with an eldritch light!
You feel vulnerable to cold. x2
You occasionally lose the ability to drink potions when taking damage.
You lose the ability to drink potions when taking damage more often.
A starcursed mass splits.
The great orb of eyes gazes at you. You resist with some effort.
As you read the scroll of teleportation {@r4}, it crumbles to dust.
You feel strangely unstable.
You feel the power of the Abyss delaying your translocation!
The red very ugly thing is engulfed in poison gas.
The red very ugly thing is poisoned.
The red very ugly thing pecks you!!
You feel threatened and lose the ability to drink potions!
You die...

.................#**,
,, .§§§§§§§....§§...#
, ,, ,.§§§§§§...§§§...
, * * §,
#§§.§§#..§§§#... # §§
##§§*###§§§###.# # , ,
§§§#§§.§§#x§§§§#..# *
# §§§§§§§*§.§§X.X....
, . ,
§§§§§§§§X.§§§X§...#.,
,§§§§§§§@u§§§X........
*
,§§§#§§§§§#§§§X§#..#.
*, ,,
*##§§§###.§§###.# *
,#§§5§§ ....§# .# , ,
§§§.§§G,....... ,
,§§§§§§§§§ ...... , ,
,, §§§§§§5.§§, ,... ,
§§§#§§§§§#§ , , * , *


You could see 5 starcursed masses, a red very ugly thing (poisoned), 2 wretched
stars, a great orb of eyes, a large abomination, a small abomination, an iron
imp and a white imp (wandering).

Vanquished Creatures
  2 boulder beetles
  2 two-headed ogres
  Pikel (D:8)
  A deep elf pyromancer (D:12)
  A shining eye (shapeshifter) (D:12)
  2 ugly things (D:12)
  A cyclops (D:10)
  A centaur zombie (Abyss:1)
  A gargoyle (D:12)
  2 kobold demonologists
  A vampire (D:11)
  A ynoxinul (Abyss:1)
  3 shadows
  11 yaks
  A wyvern (D:11)
  A wraith (Abyss:1)
  A large abomination (Abyss:1)
  A fire bat (shapeshifter) (D:10)
  7 hogs (D:12)
  A vampire mosquito (D:10)
  3 acid dragons
  Edmund (D:5)
  A water moccasin (D:5)
  A small abomination (Abyss:1)
  2 sky beasts
  An ice beast (D:8)
  6 orc warriors
  2 black bears
  5 ogres
  8 centaurs
  A phantom (D:6)
  2 elf zombies
  3 kobold brigands
  3 bullfrogs
  An elf skeleton (D:6)
  3 gnoll sergeants
  A necrophage (D:7)
  2 wights (D:10)
  4 killer bees (D:7)
  2 human zombies
  3 orc priests
  Crazy Yiuf (D:7)
  A gnoll bouda (D:5)
  5 hounds
  2 jellies (D:8)
  A human skeleton (D:6)
  12 orc wizards
  2 hound zombies (Ossuary)
  3 mummies (Ossuary)
  15 gnolls
  5 adders
  2 shadow imps
  4 white imps
  An ufetubus (D:5)
  5 adder zombies (Ossuary)
  2 worms
  2 dart slugs
  32 orcs
  2 bat zombies (D:4)
  8 endoplasms
  3 giant cockroaches
  4 gnoll zombies (Ossuary)
  6 goblins
  5 hobgoblins
  5 jackals (D:3)
  6 quokkas
  8 ball pythons
  3 bats
  2 frilled lizards (D:3)
  3 goblin zombies (Ossuary)
  A hobgoblin zombie (Ossuary)
  9 jackal zombies (Ossuary)
  16 kobolds
  2 orc skeletons (D:6)
  3 orc zombies (Ossuary)
  5 quokka zombies (Ossuary)
  3 rats
286 creatures vanquished.

Vanquished Creatures (collateral kills)
  A dart slug (D:2)
  An orc (D:3)
  A hobgoblin (D:1)
3 creatures vanquished.

Vanquished Creatures (others)
  A yak (D:10)
  A necrophage (D:5)
  3 wights
  An orc (D:5)
  25 foxfires
  2 lurking horrors (Abyss:1)
  5 plants
38 creatures vanquished.

Grand Total: 327 creatures vanquished

Notes
Turn   | Place    | Note
-------+----------+-------------------------------------------
     0 | D:1      | brightshaft the Djinni Necromancer began the quest for the
                  | Orb.
     0 | D:1      | brightshaft set off with the following spells memorised:
                  | Necrotise, Vampiric Draining, Animate Dead, Agony.
     0 | D:1      | Reached XP level 1. HP: 15/15 MP: 0/0
   244 | D:1      | Reached XP level 2. HP: 19/22 MP: 0/0
   246 | D:1      | Reached skill level 1 in Fighting
   652 | D:1      | Reached XP level 3. HP: 26/27 MP: 0/0
   652 | D:1      | Learned a level 1 spell: Foxfire
  1350 | D:2      | Reached skill level 2 in Fighting
  1577 | D:2      | Reached XP level 4. HP: 32/33 MP: 0/0
  1834 | D:2      | Found a faded altar of an unknown god.
  2257 | D:3      | Reached XP level 5. HP: 30/40 MP: 0/0
  2257 | D:3      | Learned a level 2 spell: Static Discharge
  2271 | D:3      | Reached skill level 3 in Fighting
  2750 | D:4      | Found an ornate altar of the Wu Jian Council.
  3784 | D:5      | Entered Level 5 of the Dungeon
  3841 | D:5      | Noticed Edmund
  3842 | D:5      | Noticed a water moccasin
  3851 | D:5      | Killed Edmund
  3852 | D:5      | Reached skill level 4 in Fighting
  3852 | D:5      | Reached XP level 6. HP: 34/47 MP: 0/0
  3856 | D:5      | Killed a water moccasin
  3857 | D:5      | Reached XP level 7. HP: 31/53 MP: 0/0
  3857 | D:5      | Learned a level 3 spell: Summon Guardian Golem
  4022 | D:5      | Found a sparkling altar of Nemelex Xobeh.
  4067 | D:5      | Reached skill level 5 in Spellcasting
  4117 | D:5      | Reached skill level 5 in Fighting
  4373 | D:5      | Reached XP level 8. HP: 60/61 MP: 0/0
  4451 | D:5      | Found a staircase to the Ecumenical Temple.
  4532 | Temple   | Entered the Ecumenical Temple
  4617 | Temple   | Became a worshipper of Ru the Awakened
  4679 | D:5      | Reached skill level 6 in Fighting
  4733 | D:5      | Found a broken altar of Ashenzari.
  4758 | D:5      | Fell from the grace of Ru
  4758 | D:5      | Became a worshipper of Ashenzari the Shackled
  4802 | D:5      | Found a snail-covered altar of Cheibriados.
  5095 | D:5      | Identified the +5 leather armour of the Devil's Team {Fly
                  | Str+3}
  5367 | D:6      | Found a sand-covered staircase.
  5374 | Ossuary  | Entered an ossuary
  5745 | Ossuary  | Reached skill level 7 in Fighting
  6017 | Ossuary  | Reached XP level 9. HP: 11/68 MP: 0/0
  6017 | Ossuary  | Learned a level 4 spell: Flame Wave
  6735 | D:6      | Reached skill level 8 in Fighting
  6836 | D:6      | Reached skill level 1 in Short Blades
  7042 | D:6      | Found a hide-covered altar of Uskayaw.
  7161 | D:7      | Reached * piety under Ashenzari
  7257 | D:7      | Reached skill level 1 in Shields
  7263 | D:7      | Found a white marble altar of Elyvilon.
  7676 | D:7      | Found a runed translucent door.
  7677 | D:7      | Noticed Crazy Yiuf
  7683 | D:7      | Killed Crazy Yiuf
  7834 | D:8      | Noticed Pikel
  7843 | D:8      | Killed Pikel
  7844 | D:8      | Reached XP level 10. HP: 71/80 MP: 0/0
  7894 | D:8      | Identified the +1 robe "Saheguli" {Contam Regen+ rCorr
                  | Int+3}
  7921 | D:8      | Reached skill level 9 in Fighting
  8216 | D:8      | Found a faded altar of an unknown god.
  8217 | D:8      | Found a hazy altar of Hepliaklqana.
  8489 | D:9      | Noticed a kobold demonologist
  8489 | D:9      | Noticed a kobold demonologist
  8490 | D:9      | Noticed a kobold demonologist
  8497 | D:9      | Noticed a sun demon
  8502 | D:9      | Killed a kobold demonologist
  8505 | D:9      | Noticed a sun demon
  8505 | D:9      | HP: 3/80 [sun demon[a kobold demonologist] (5)]
  8514 | D:10     | Entered Level 10 of the Dungeon
  8520 | D:10     | HP: 3/80 [orc warrior/+0 dire flail (5)]
  8524 | D:10     | HP: 1/80 [something (25)]
  8540 | D:10     | HP: 3/80 [shadow (7)]
  8555 | D:10     | HP: 4/80 [something (17)]
  8837 | D:10     | Reached ** piety under Ashenzari
  8952 | D:10     | Found an opulent altar of Gozag.
  8991 | D:10     | Noticed a cyclops
  9014 | D:10     | Killed a cyclops
  9015 | D:10     | Reached skill level 5 in Dodging
  9015 | D:10     | Reached XP level 11. HP: 86/87 MP: 0/0
  9015 | D:10     | Learned a level 4 spell: Airstrike
  9084 | D:10     | Found a glowing golden altar of the Shining One.
  9121 | D:10     | Noticed a two-headed ogre
  9125 | D:10     | Killed a two-headed ogre
  9126 | D:10     | Reached skill level 10 in Fighting
  9427 | D:10     | Found a staircase to the Orcish Mines.
  9457 | D:10     | Reached *** piety under Ashenzari
  9721 | D:11     | Identified the +12 dagger "Icrujoil" {holy, rPois rF- Str-3
                  | Int+8}
 10069 | D:11     | Reached skill level 1 in Armour
 10322 | Orc:1    | Entered Level 1 of the Orcish Mines
 10831 | D:12     | Noticed a brown ugly thing
 10835 | D:12     | Noticed a two-headed ogre
 10854 | D:12     | Killed a two-headed ogre
 10857 | D:12     | Killed a brown ugly thing
 11072 | D:12     | Noticed a two-headed ogre
 11072 | D:12     | Noticed a two-headed ogre
 11082 | D:12     | Noticed a purple ugly thing
 11088 | D:12     | Noticed a two-headed ogre
 11088 | D:12     | Noticed an ettin
 11089 | D:12     | Noticed a tengu warrior
 11089 | D:12     | Noticed a two-headed ogre
 11094 | D:12     | Noticed Valagong's ghost (journeyman MiFi)
 11094 | D:12     | Noticed a moth of wrath
 11096 | D:12     | Noticed a cyclops
 11101 | D:12     | Noticed a cyclops
 11102 | D:12     | HP: 2/90 [purple ugly thing (6)]
 11108 | D:12     | HP: 3/90 [purple ugly thing (8)]
 11109 | D:12     | HP: 1/90 [purple ugly thing (2)]
 11110 | D:12     | Noticed a moth of wrath
 11120 | D:12     | Killed a purple ugly thing
 11130 | D:12     | Noticed Kirke
 11130 | D:12     | Noticed a boulder beetle
 11133 | D:12     | Noticed a deep elf pyromancer
 11134 | D:12     | Reached skill level 11 in Fighting
 11134 | D:12     | Reached skill level 5 in Shields
 11134 | D:12     | Reached XP level 12. HP: 14/96 MP: 0/0
 11141 | D:12     | Killed a boulder beetle
 11143 | D:12     | HP: 1/96 [hog[Kirke] (6)]
 11155 | D:12     | Reached skill level 5 in Short Blades
 11361 | D:12     | Gained mutation: You are occasionally teleported next to
                  | monsters. [a shining eye]
 11362 | D:12     | Gained mutation: Armour fits poorly on your strangely
                  | shaped body. [a shining eye]
 11371 | D:12     | Gained mutation: You are frail. (-10% HP) [a shining eye]
 11531 | D:11     | Noticed a boulder beetle
 11561 | D:11     | Killed a boulder beetle
 11749 | D:11     | Noticed Erolcha
 11767 | Abyss:1  | Cast into level 1 of the Abyss (Erolcha)
 11935 | Abyss:1  | Found a corrupted altar of Lugonu.
 11959 | Abyss:1  | Noticed a thrashing horror
 12045 | Abyss:1  | Noticed a red very ugly thing
 12052 | Abyss:1  | Noticed a wretched star
 12053 | Abyss:1  | Noticed a starcursed mass
 12057 | Abyss:1  | Noticed a great orb of eyes
 12057 | Abyss:1  | Noticed a wretched star
 12062 | Abyss:1  | Slain by a red very ugly thing

Illustrated notes

Levels and vault maps discovered:
D:1:      amcnicky_arrival_wind_blow, layout_loops_corners, serial_rivers,
          chequers_serial_rivers_large_a, chequers_serial_rivers_micro_a,
          chequers_serial_rivers_small_a, chequers_serial_rivers_micro_c,
          chequers_serial_rivers_marsh, glass_columns_c
D:2:      layout_basic, dreamdust_ecumenical_altar_grove
D:3:      layout_rooms
D:4:      layout_loops_ring, lemuel_zombie_altar_kikubaaqudgha,
          mainiacjoe_overflow_brackets, nicolae_eternal_life
D:5:      kennysheep_six_static_rooms, layout_loops_ring,
          mainiacjoe_overflow_concentric_impassable, kennysheep_mini,
          nemelex_dance_club_becter, minmay_temple_entry_mini_moons, uniq_edmund
D:6:      layout_cave_pools, mainiacjoe_overflow_alcove_1,
          nicolae_ossuary_entry_catacombs, grunt_decor_cap, nicolae_titane
D:7:      layout_loops_ring, mainiacjoe_overflow_surrounded_room,
          mainiacjoe_overflow_six_doors_small, uniq_crazy_yiuf_cottage
D:8:      layout_cave_pools, beargit_hepliaklqana_dungeon_heroes, uniq_pikel
D:9:      layout_stronghold, nicolae_qazlal_eye_of_the_storm, erik_lair_dragon,
          uniq_maggie
D:10:     kennysheep_big_flooded_room, layout_irregular_city,
          old_standard_altar, grunt_gozag_breadcrumbs, orc_0_dummy,
          minmay_microvault
D:11:     layout_basic, uniq_erolcha, uniq_nergalle
D:12:     layout_gridville, gammafunk_ghost_wrathful_warriors,
          nicolae_elyvilon_temple_path, uniq_kirke, uniq_jorgrun
Temple:   hellmonk_temple_rainy
Orc:1:    giant_chief_lemuel, layout_caves
Abyss:1:  base: D:8, hangedman_decor_lopped

Skill      XL: |  1  2  3  4  5  6  7  8  9 10 11 12 |
---------------+-------------------------------------+-----
Fighting       | 1 2 4 5 7 8 9 11 | 11.6
Spellcasting   | 4 5 6 7 8 9 |  9.6
Short Blades   | 2 3 4 5 |  5.3
Shields        | 2 3 5 |  5.7
Dodging        | 3 5 6 |  6.9
Armour         | 2 3 |  3.5
Stealth        | |  1.5

Action                     |  1- 3 |  4- 6 |  7- 9 | 10-12 || total
---------------------------+-------+-------+-------+-------++-------
  Melee: Dagger            |     2 |    30 |   481 |   144 ||   657
         Punch             |       |     2 |     4 |       ||     6
   Cast: Necrotise         |    50 |    16 |     7 |       ||    73
         Foxfire           |       |    15 |       |       ||    15
         Vampiric Draining |       |    38 |   100 |   186 ||   324
         Static Discharge  |       |     8 |     7 |     4 ||    19
         Summon Guardian G |       |       |    12 |     8 ||    20
         Flame Wave        |       |       |     1 |     3 ||     4
         Animate Dead      |       |       |       |     1 ||     1
         Airstrike         |       |       |       |     6 ||     6
 Invoke: Curse Item        |       |       |     2 |     4 ||     6
         Shatter the Chain |       |       |       |     1 ||     1
    Use: Scroll            |       |     7 |     4 |     8 ||    19
         Potion            |       |       |     1 |    12 ||    13
   Stab: Sleeping          |       |       |     4 |     1 ||     5
         Distracted        |       |       |       |     1 ||     1
 Armour: Robe              |     5 |    22 |    28 |       ||    55
         Leather armour    |       |       |   231 |    92 ||   323
  Dodge: Dodged            |    10 |    63 |   327 |   190 ||   590
  Block: Buckler           |       |       |    15 |    94 ||   109

Table legend: (Time is in decaauts)
 A = Elapsed time spent in this place.
 B = Non-inter-level travel time spent in this place.
 C = Inter-level travel time spent in this place.
 D = Time resting spent in this place.
 E = Time spent auto-exploring this place.
 F = Levels seen in this place.
 G = Mean time per level.
                   A        B        C        D        E       F      G
               +--------+--------+--------+--------+--------+-----+--------+
         Total |  12031 |  11495 |    536 |      0 |   8503 |  16 |  751.9 |
       Dungeon |  10404 |   9907 |    497 |      0 |   7676 |  12 |  867.0 |
        Temple |     95 |     86 |      9 |      0 |     66 |   1 |   95.0 |
  Orcish Mines |    368 |    338 |     30 |      0 |    288 |   1 |  368.0 |
         Abyss |    284 |    284 |      0 |      0 |     38 |   1 |  284.0 |
       Ossuary |    878 |    878 |      0 |      0 |    435 |   1 |  878.0 |
               +--------+--------+--------+--------+--------+-----+--------+

Top non-repeatable levels by time:
    D:10: 1339 daAuts
     D:5: 1336 daAuts
     D:1: 1233 daAuts
     D:4: 1176 daAuts
     D:6: 1008 daAuts
    D:11: 968 daAuts
     D:2: 885 daAuts
 Ossuary: 878 daAuts
     D:7: 682 daAuts
     D:8: 645 daAuts
    D:12: 561 daAuts
     D:3: 516 daAuts
   Orc:1: 368 daAuts
 Abyss:1: 284 daAuts
  Temple: 95 daAuts
